Map: Acropolis LE

Players

oRLy

  • Race: Protoss Protoss
  • League: Silver
  • Spawn Location: 11:00

Parkkatz - Winner!

  • Race: Zerg Zerg
  • League: Platinum
  • Spawn Location: 5:00

VOD

Have the link to the VOD?

Description

Time

  • Played on: June 30, 2019, 1:04 p.m.
  • Length: 9:25
Show
View Real Time Build Order
Export as new Build Order

oRLy Protoss 

Build Orders: Oracle Opening, Chargelot Immortal 

Get SALT Encoding   

  12  0:01  Probe  
  13  0:13  Probe  
  14  0:20  Pylon  
  14  0:25  Probe  
  15  0:33  Assimilator  
  15  0:38  Probe  
  16  0:48  Gateway  
  16  0:51  Probe  
  17  1:03  Probe  
  18  1:15  Pylon  
  19  1:18  Probe  
  19  1:30  Probe  
  20  1:36  Zealot  
  20  1:39  Cybernetics Core  
  22  1:42  Probe  
  23  2:00  Assimilator  
  23  2:01  Probe  
  23  2:03  Zealot  
  26  2:13  Probe  
  27  2:20  Stargate  
  27  2:25  Probe  
  28  2:32  Zealot  
  30  2:38  Probe  
  31  2:48  Pylon  
  31  2:52  Pylon  
  31  3:03  Robotics Facility  
  31  3:04  Oracle  
  31  3:06  Probe  
  35  3:15  Zealot  
  35  3:32  Probe  
  35  3:33  Oracle  
  36  3:36  Pylon  
  36  3:40  Pylon  
  36  3:42  Zealot  
  40  4:02  Probe  
  37  4:18  Immortal  
  37  4:20  Zealot  
  37  4:22  Probe  
  44  4:34  Probe  
  45  4:42  Void Ray  
  49  4:46  Probe  
  47  5:05  Immortal  
  47  5:06  Zealot  
  53  5:11  Probe  
  54  5:20  Twilight Council  
  54  5:35  Zealot  
  56  5:47  Nexus  
  56  5:50  Probe  
  56  5:52  Pylon  
  56  5:56  Charge  
  57  6:03  Probe, Void Ray  
  62  6:13  Zealot  
  64  6:18  Pylon  
  64  6:24  Probe  
  65  6:29  Immortal  
  69  6:55  Zealot  
  69  6:58  Void Ray  
  75  7:07  Probe  
  76  7:19  Immortal, Probe  
  76  7:22  Zealot  
  83  7:38  Probe  
  84  7:46  Assimilator  
  84  7:49  Zealot  
  84  7:50  Probe  
  87  7:58  Immortal  
  91  8:01  Assimilator  
  62  8:26  Void Ray  
  50  8:28  Immortal  
  50  8:31  Probe  
  49  8:34  Zealot  
  57  8:43  Probe  
  58  8:52  Gateway  
  59  8:55  Probe  
  59  8:57  Gateway  
Show
View Real Time Build Order
Export as new Build Order

Parkkatz Zerg - Winner!

Build Orders: Pool First 

Get SALT Encoding   

  12  0:01  Drone  
  13  0:13  Overlord  
  13  0:18  Drone  
  14  0:31  Drone  
  14  0:32  Drone  
  16  0:36  Drone  
  17  0:47  Drone  
  18  0:50  Spawning Pool  
  17  1:10  Hatchery  
  16  1:13  Drone  
  16  1:17  Extractor  
  16  1:19  Drone  
  16  1:22  Drone  
  18  1:29  Drone  
  19  1:38  Queen  
  21  1:41  Zergling x2  
  22  1:54  Overlord  
  22  2:14  Drone x2, Queen  
  26  2:18  Metabolic Boost  
  26  2:26  Queen  
  28  2:37  Zergling x8  
  32  2:49  Drone x2  
  32  2:50  Drone x2  
  36  2:59  Overlord  
  36  3:00  Overlord  
  35  3:21  Drone x5  
  40  3:33  Hatchery, Drone, Baneling Nest  
  39  3:37  Spore Crawler  
  39  3:38  Drone x2  
  39  3:39  Drone  
  37  4:03  Drone x2  
  37  4:04  Drone x6  
  37  4:05  Drone x2  
  47  4:14  Overlord  
  47  4:20  Spore Crawler  
  47  4:22  Spore Crawler  
  45  4:24  Queen  
  45  4:30  Drone  
  45  4:31  Drone  
  49  4:39  Drone x2  
  49  4:40  Extractor  
  49  4:44  Extractor  
  49  4:45  Extractor  
  48  4:46  Queen x2  
  52  5:01  Drone x2  
  52  5:02  Drone x2  
  56  5:13  Overlord  
  56  5:14  Overlord x2  
  58  5:16  Drone x3  
  61  5:25  Queen x2  
  65  5:35  Lair  
  63  5:40  Zergling x2  
  63  5:41  Zergling x26  
  77  5:53  Zergling x2  
  77  5:54  Zergling x4  
  80  6:00  Baneling x2  
  80  6:01  Baneling x4  
  80  6:05  Drone x2  
  80  6:07  Overlord x4  
  82  6:33  Drone  
  82  6:34  Drone  
  82  6:35  Pneumatized Carapace, Evolution Chamber  
  82  6:36  Roach Warren, Evolution Chamber  
  81  6:42  Drone x3  
  81  6:43  Drone x3  
  81  6:45  Spore Crawler x2  
  75  6:50  Drone x5  
  75  6:51  Drone x3  
  75  6:53  Extractor  
  78  6:54  Extractor  
  78  6:58  Centrifical Hooks  
  78  7:00  Hydralisk Den  
  76  7:02  Zerg Ground Armor Level 1, Zerg Missile Weapons Level 1  
  76  7:03  Zergling x2  
  76  7:04  Zergling x6  
  76  7:05  Queen  
  76  7:06  Queen  
  84  7:16  Zergling x14  
  84  7:17  Zergling x10  
  84  7:20  Glial Reconstitution  
  84  7:22  Overseer  
  96  7:24  Drone x2  
  98  7:40  Hydralisk  
  98  7:41  Hydralisk x6  
  112  7:45  Muscular Augments  
  112  7:46  Roach  
  114  7:52  Overlord  
  114  7:53  Overlord x2  
  94  8:20  Zergling x2  
  94  8:21  Zergling x30  
  105  8:37  Hydralisk  
  105  8:38  Hydralisk x9  
  125  8:43  Overlord  
  125  8:54  Spore Crawler x2  
Tags
 
Add a new tag
Caveats
  • Supply blocks, unpowered buildings, or Contaminate may cause inaccurate times.
  • Supply counts are checked every 10 seconds.